Workbook

Sheet PLANILHA ORÇAMENTÁRIA
B1: PREFEITURA MUNICIPAL DE JOÃO NEIVA
B2: PLANILHA ORÇAMENTÁRIA
B3: OBRA: REFORMA DO CENTRO ASSOCIATIVO RENASCER NO MUNICÍPIO DE JOÃO NEIVA-ES | E3: L. SOCIAIS: | F3: 1.5727 | G3: TABELA DE REFERÊNCIA: DER/ES
B4: LOCAL: JOÃO NEIVA-ES | E4: BDI: | F4: 0.3196 | H4: DATA-BASE: | I4: NOV/22
A5: ITEM | B5: CÓDIGO | C5: ORGÃO | D5: DESCRIÇÃO SERVIÇO | E5: UNIDADE | F5: QUANTIDADE | G5: CUSTO (R$)
G6: UNITÁRIO | H6: UNITÁRIO C/ BDI | I6: TOTAL
A7: 1 | B7: 01 | D7: SERVIÇOS PRELIMINARES
A8: 1.1 | B8: 0102/0103 | C8: DER-ES | D8: DEMOLIÇÕES E RETIRADAS
A9: 1.1.1 | B9: 010202 | C9: DER-ES | D9: Demolição de piso revestido com cerâmica | E9: m2 | F9: =MC!J13 -> 42.9 | G9: 12.59 | H9: =TRUNC(ROUND(G9*(1+$F$4),2),2) -> 16.61 | I9: =TRUNC(ROUND(F9*H9,2),2) -> 712.57
A10: 1.1.2 | B10: 010206 | C10: DER-ES | D10: Demolição de revestimento com azulejos | E10: m2 | F10: =MC!J20 -> 93.4324 | G10: 44.96 | H10: =TRUNC(ROUND(G10*(1+$F$4),2),2) -> 59.33 | I10: =TRUNC(ROUND(F10*H10,2),2) -> 5543.34
A11: 1.1.3 | B11: 010208 | C11: DER-ES | D11: Retirada de revestimento antigo em reboco | E11: m2 | F11: =MC!J28 -> 51.186 | G11: 8.99 | H11: =TRUNC(ROUND(G11*(1+$F$4),2),2) -> 11.86 | I11: =TRUNC(ROUND(F11*H11,2),2) -> 607.07
A12: 1.1.4 | B12: 010209 | C12: DER-ES | D12: Demolição de alvenaria | E12: m3 | F12: =MC!J33 -> 0.292643 | G12: 53.96 | H12: =TRUNC(ROUND(G12*(1+$F$4),2),2) -> 71.21 | I12: =TRUNC(ROUND(F12*H12,2),2) -> 20.84
A13: 1.1.5 | B13: 010214 | C13: DER-ES | D13: Retirada de portas e janelas de madeira, inclusive batentes | E13: m2 | F13: =MC!J51 -> 12.1106 | G13: 14.39 | H13: =TRUNC(ROUND(G13*(1+$F$4),2),2) -> 18.99 | I13: =TRUNC(ROUND(F13*H13,2),2) -> 229.98
A14: 1.1.6 | B14: 010220 | C14: DER-ES | D14: Demolição de piso cimentado, exclusive lastro de concreto | E14: m2 | F14: =MC!J63 -> 470.35 | G14: 11.1 | H14: =TRUNC(ROUND(G14*(1+$F$4),2),2) -> 14.65 | I14: =TRUNC(ROUND(F14*H14,2),2) -> 6890.63
A15: 1.1.7 | B15: 010223 | C15: DER-ES | D15: Retirada de aparelhos sanitários | E15: und | F15: =MC!J69 -> 8 | G15: 18.6 | H15: =TRUNC(ROUND(G15*(1+$F$4),2),2) -> 24.54 | I15: =TRUNC(ROUND(F15*H15,2),2) -> 196.32
A16: 1.1.8 | B16: 010224 | C16: DER-ES | D16: Retirada de grades, gradis, alambrados, cercas e portões | E16: m2 | F16: =MC!J74 -> 0.7499 | G16: 15.85 | H16: =TRUNC(ROUND(G16*(1+$F$4),2),2) -> 20.92 | I16: =TRUNC(ROUND(F16*H16,2),2) -> 15.69
A17: 1.1.9 | B17: 010228 | C17: DER-ES | D17: Demolição de forro de madeira, sem reaproveitamento | E17: m2 | F17: =MC!J80 -> 70.18 | G17: 6.04 | H17: =TRUNC(ROUND(G17*(1+$F$4),2),2) -> 7.97 | I17: =TRUNC(ROUND(F17*H17,2),2) -> 559.33
A18: 1.1.10 | B18: 010240 | C18: DER-ES | D18: Retirada de pontos elétricos (luminárias, interruptores e tomadas) | E18: und | F18: =MC!J120 -> 72 | G18: 9.84 | H18: =TRUNC(ROUND(G18*(1+$F$4),2),2) -> 12.98 | I18: =TRUNC(ROUND(F18*H18,2),2) -> 934.56
A19: 1.1.11 | B19: 010255 | C19: DER-ES | D19: Remoção de telhas cerâmicas, tipo colonial, inclusive cumeeiras | E19: m2 | F19: =MC!J124 -> 19.152 | G19: 21.48 | H19: =TRUNC(ROUND(G19*(1+$F$4),2),2) -> 28.35 | I19: =TRUNC(ROUND(F19*H19,2),2) -> 542.96
A20: 1.1.12 | B20: 010256 | C20: DER-ES | D20: Remoção de telha ondulada de fibrocimento, inclusive cumeeira | E20: m2 | F20: =MC!J128 -> 558.0772 | G20: 6.86 | H20: =TRUNC(ROUND(G20*(1+$F$4),2),2) -> 9.05 | I20: =TRUNC(ROUND(F20*H20,2),2) -> 5050.6
A21: 1.1.13 | B21: 010271 | C21: DER-ES | D21: Retirada de caixas/quadros elétricos | E21: und | F21: =MC!J132 -> 1 | G21: 13.36 | H21: =TRUNC(ROUND(G21*(1+$F$4),2),2) -> 17.63 | I21: =TRUNC(ROUND(F21*H21,2),2) -> 17.63
A22: 1.1.14 | B22: 010323 | C22: DER-ES | D22: Retirada de torneiras e registros | E22: und | F22: =MC!J139 -> 6 | G22: 9.84 | H22: =TRUNC(ROUND(G22*(1+$F$4),2),2) -> 12.98 | I22: =TRUNC(ROUND(F22*H22,2),2) -> 77.88
A23: 1.1.15 | B23: 010325 | C23: DER-ES | D23: Demolição de estrutura de madeira para telhado | E23: m2 | F23: =MC!J144 -> 577.2292 | G23: 26.19 | H23: =TRUNC(ROUND(G23*(1+$F$4),2),2) -> 34.56 | I23: =TRUNC(ROUND(F23*H23,2),2) -> 19949.04
A24: 1.1.16 | B24: 010327 | C24: DER-ES | D24: Retirada de marco de madeira | E24: m | F24: =MC!J151 -> 14.7 | G24: 2.23 | H24: =TRUNC(ROUND(G24*(1+$F$4),2),2) -> 2.94 | I24: =TRUNC(ROUND(F24*H24,2),2) -> 43.22
A25: 1.1.17 | B25: 010329 | C25: DER-ES | D25: Retirada de disjuntor | E25: und | F25: =MC!J155 -> 11 | G25: 18.37 | H25: =TRUNC(ROUND(G25*(1+$F$4),2),2) -> 24.24 | I25: =TRUNC(ROUND(F25*H25,2),2) -> 266.64
A26: 1.2 | B26: 0104 | C26: DER-ES | D26: LIMPEZA DO TERRENO
A27: 1.2.1 | B27: 010402 | C27: DER-ES | D27: Raspagem e limpeza do terreno (manual) | E27: m2 | F27: =MC!J160 -> 500 | G27: 3.96 | H27: =TRUNC(ROUND(G27*(1+$F$4),2),2) -> 5.23 | I27: =TRUNC(ROUND(F27*H27,2),2) -> 2615
D28: SUB-TOTAL 01 | I28: =SUM(I8:I27) -> 44273.3
A29: 2 | B29: 02 | D29: INSTALAÇÃO DO CANTEIRO DE OBRAS
A30: 2.1 | B30: 0203 | C30: DER-ES | D30: TAPUMES, BARRACÕES E COBERTURAS
A31: 2.1.1 | B31: 020305 | C31: DER-ES | D31: Placa de obra nas dimensões de 2.0 x 4.0 m, padrão DER | E31: m2 | F31: =MC!J166 -> 8 | G31: 242.13 | H31: =TRUNC(ROUND(G31*(1+$F$4),2),2) -> 319.51 | I31: =TRUNC(ROUND(F31*H31,2),2) -> 2556.08
A32: 2.1.2 | B32: 020344 | C32: DER-ES | D32: Mobilização e desmobilização de conteiner locado para barracão de obra | E32: und | F32: =MC!J170 -> 1 | G32: 1530 | H32: =TRUNC(ROUND(G32*(1+$F$4),2),2) -> 2018.99 | I32: =TRUNC(ROUND(F32*H32,2),2) -> 2018.99
A33: 2.1.3 | B33: 020356 | C33: DER-ES | D33: Aluguel mensal container para almoxarifado, incl. porta, 2 janelas, 1 pt iluminação, Isolamento térmico (teto), piso em comp. Naval pintado, cert. NR18, incl. laudo descontaminação. | E33: mês | F33: =MC!J174 -> 6 | G33: 664.25 | H33: =TRUNC(ROUND(G33*(1+$F$4),2),2) -> 876.54 | I33: =TRUNC(ROUND(F33*H33,2),2) -> 5259.24
D34: SUB-TOTAL 02 | I34: =SUM(I31:I33) -> 9834.31
A35: 3 | B35: 03 | D35: MOVIMENTO DE TERRA
A36: 3.1 | B36: 0303 | C36: DER-ES | D36: TRANSPORTES
A37: 3.1.1 | B37: 030304 | C37: DER-ES | D37: Índice de preço para remoção de entulho decorrente da execução de obras (Classe A CONAMA - NBR 10.004 - Classe II-B), incluindo aluguel da caçamba, carga, transporte e descarga em área licenciada | E37: m3 | F37: =MC!J189 -> 88.87011 | G37: 73.32 | H37: =TRUNC(ROUND(G37*(1+$F$4),2),2) -> 96.75 | I37: =TRUNC(ROUND(F37*H37,2),2) -> 8598.18
D38: SUB-TOTAL 03 | I38: =SUM(I37:I37) -> 8598.18
A39: 4 | B39: 04 | D39: ESTRUTURAS
A40: 4.1 | B40: 0408 | C40: DER-ES | D40: RECUPERAÇÃO DE ESTRUTURAS
A41: 4.1.1 | B41: 040803 | C41: DER-ES | D41: Preparação do substrato para reparo em estrutura de concreto por apicoamento manual da superfície | E41: m2 | F41: =MC!J195 -> 0.9 | G41: 79.25 | H41: =TRUNC(ROUND(G41*(1+$F$4),2),2) -> 104.58 | I41: =TRUNC(ROUND(F41*H41,2),2) -> 94.12
A42: 4.1.2 | B42: 040806 | C42: DER-ES | D42: Limpeza de aço com lixamento e escovamento com escova de aço, até a completa remoção de partículas soltas, materiais indesejáveis e corrosão | E42: m2 | F42: =MC!J199 -> 0.9 | G42: 23.78 | H42: =TRUNC(ROUND(G42*(1+$F$4),2),2) -> 31.38 | I42: =TRUNC(ROUND(F42*H42,2),2) -> 28.24
A43: 4.1.3 | B43: 040807 | C43: DER-ES | D43: Aplicação de Sika Top 108 Armatec ou equivalente, nas ferragens a serem recuperadas | E43: m2 | F43: =MC!J203 -> 0.9 | G43: 78.88 | H43: =TRUNC(ROUND(G43*(1+$F$4),2),2) -> 104.09 | I43: =TRUNC(ROUND(F43*H43,2),2) -> 93.68
A44: 4.1.4 | B44: 040809 | C44: DER-ES | D44: Recomposição de concreto danificado, com utilização de argamassa Sika Grout ou equivalente (considerando esp. 5cm) | E44: m2 | F44: =MC!J208 -> 0.9 | G44: 409.5 | H44: =TRUNC(ROUND(G44*(1+$F$4),2),2) -> 540.38 | I44: =TRUNC(ROUND(F44*H44,2),2) -> 486.34
D45: SUB-TOTAL 04 | I45: =SUM(I40:I44) -> 702.38
A46: 5 | B46: 05 | D46: PAREDES E PAINÉIS
A47: 5.1 | B47: 0503 | C47: DER-ES | D47: VERGAS/CONTRAVERGA
A48: 5.1.1 | B48: 050301 | C48: DER-ES | D48: Verga/contraverga reta de concreto armado 10 x 5 cm, Fck = 15 MPa, inclusive forma, armação e desforma | E48: m | F48: =MC!J215 -> 5.2 | G48: 9.9 | H48: =TRUNC(ROUND(G48*(1+$F$4),2),2) -> 13.06 | I48: =TRUNC(ROUND(F48*H48,2),2) -> 67.91
A49: 5.2 | B49: 0506 | C49: DER-ES | D49: ALVENARIA DE VEDAÇÃO EMPREGANDO ARGAMASSA DE CIMENTO, CAL E AREIA
A50: 5.2.1 | B50: 050606 | C50: DER-ES | D50: Alvenaria de blocos cerâmicos 10 furos 10x20x20cm, assentados c/argamassa de cimento, cal hidratada CH1 e areia traço 1:0,5:8, esp. das juntas 12mm e esp. das paredes s/revestimento, 10cm (bloco comprado na fábrica, posto obra) | E50: m2 | F50: =MC!J220 -> 0.5425 | G50: 63 | H50: =TRUNC(ROUND(G50*(1+$F$4),2),2) -> 83.13 | I50: =TRUNC(ROUND(F50*H50,2),2) -> 45.1
D51: SUB-TOTAL 05 | I51: =SUM(I47:I50) -> 113.01
A52: 6 | B52: 06 | D52: ESQUADRIAS DE MADEIRA
A53: 6.1 | B53: 0601 | C53: DER-ES | D53: MARCOS E ALIZARES
A54: 6.1.1 | B54: 060101 | C54: DER-ES | D54: Marco de madeira de lei de 1ª (Peroba, Ipê, Angelim Pedra ou equivalente) com 15x3 cm de batente, nas dimensões de 0.60 x 2.10 m | E54: und | F54: =MC!J226 -> 1 | G54: 418.85 | H54: =TRUNC(ROUND(G54*(1+$F$4),2),2) -> 552.71 | I54: =TRUNC(ROUND(F54*H54,2),2) -> 552.71
A55: 6.1.2 | B55: 060102 | C55: DER-ES | D55: Marco de madeira de lei de 1ª (Peroba, Ipê, Angelim Pedra ou equivalente) com 15x3 cm de batente, nas dimensões de 0.70 x 2.10 m | E55: und | F55: =MC!J232 -> 3 | G55: 418.85 | H55: =TRUNC(ROUND(G55*(1+$F$4),2),2) -> 552.71 | I55: =TRUNC(ROUND(F55*H55,2),2) -> 1658.13
A56: 6.1.3 | B56: 060103 | C56: DER-ES | D56: Marco de madeira de lei de 1ª (Peroba, Ipê, Angelim Pedra ou equivalente) com 15x3 cm de batente, nas dimensões de 0.80 x 2.10 m | E56: und | F56: =MC!J236 -> 1 | G56: 418.85 | H56: =TRUNC(ROUND(G56*(1+$F$4),2),2) -> 552.71 | I56: =TRUNC(ROUND(F56*H56,2),2) -> 552.71
A57: 6.2 | B57: 0613 | C57: DER-ES | D57: PORTA EM MADEIRA DE LEI TIPO ANGELIM PEDRA OU EQUIV.C/ENCHIMENTO EM MADEIRA 1A.QUALIDADE ESP. 30MM P/ PINTURA, INCLUSIVE ALIZARES, DOBRADIÇAS E FECHADURA EXTERNA, EXCLUSIVE MARCO
A58: 6.2.1 | B58: 061301 | C58: DER-ES | D58: Porta em madeira de lei tipo angelim pedra ou equiv.c/enchimento em madeira 1a.qualidade esp. 30mm p/ pintura, inclusive alizares, dobradiças e fechadura externa em latão cromado LaFonte ou equiv., exclusive marco, nas dim.:0.60 x 2.10 m | E58: und | F58: =MC!J241 -> 1 | G58: 1128.69 | H58: =TRUNC(ROUND(G58*(1+$F$4),2),2) -> 1489.42 | I58: =TRUNC(ROUND(F58*H58,2),2) -> 1489.42
A59: 6.2.2 | B59: 061302 | C59: DER-ES | D59: Porta em madeira de lei tipo angelim pedra ou equiv.c/enchimento em madeira 1a.qualidade esp. 30mm p/ pintura, inclusive alizares, dobradiças e fechadura externa em latão cromado LaFonte ou equiv., exclusive marco, nas dim.: 0.70 x 2.10 m | E59: und | F59: =MC!J247 -> 3 | G59: 1154.47 | H59: =TRUNC(ROUND(G59*(1+$F$4),2),2) -> 1523.44 | I59: =TRUNC(ROUND(F59*H59,2),2) -> 4570.32
A60: 6.2.3 | B60: 061303 | C60: DER-ES | D60: Porta em madeira de lei tipo angelim pedra ou equiv.c/enchimento em madeira 1a.qualidade esp. 30mm p/ pintura, inclusive alizares, dobradiças e fechadura externa em latão cromado LaFonte ou equiv., exclusive marco, nas dim.: 0.80 x 2.10 m | E60: und | F60: =MC!J251 -> 1 | G60: 1165.24 | H60: =TRUNC(ROUND(G60*(1+$F$4),2),2) -> 1537.65 | I60: =TRUNC(ROUND(F60*H60,2),2) -> 1537.65
D61: SUB-TOTAL 06 | I61: =SUM(I54:I60) -> 10360.94
A62: 7 | B62: 07 | D62: ESQUADRIAS METÁLICAS
A63: 7.1 | B63: 0711 | C63: DER-ES | D63: GRADES E PORTÕES
A64: 7.1.1 | B64: 071105 | C64: DER-ES | D64: Grade de ferro em barra chata, inclusive chumbamento | E64: m2 | F64: =MC!J260 -> 6.543 | G64: 374.16 | H64: =TRUNC(ROUND(G64*(1+$F$4),2),2) -> 493.74 | I64: =TRUNC(ROUND(F64*H64,2),2) -> 3230.54
A65: 7.2 | B65: 0717 | C65: DER-ES | D65: ESQUADRIAS METÁLICAS (M2)
A66: 7.2.1 | B66: 071701 | C66: DER-ES | D66: Janela de correr para vidro em alumínio anodizado cor natural, linha 25, completa, incl. puxador com tranca, alizar, caixilho e contramarco, exclusive vidro | E66: m2 | F66: =MC!J265 -> 1.682 | G66: 520.33 | H66: =TRUNC(ROUND(G66*(1+$F$4),2),2) -> 686.63 | I66: =TRUNC(ROUND(F66*H66,2),2) -> 1154.91
A67: 7.2.2 | B67: 071702 | C67: DER-ES | D67: Báscula para vidro em alumínio anodizado cor natural, linha 25, completa, com tranca, caixilho, alizar e contramarco, exclusive vidro | E67: m2 | F67: =MC!J274 -> 6.0771 | G67: 609.38 | H67: =TRUNC(ROUND(G67*(1+$F$4),2),2) -> 804.14 | I67: =TRUNC(ROUND(F67*H67,2),2) -> 4886.84
A68: 7.2.3 | B68: 071704 | C68: DER-ES | D68: Porta de abrir tipo veneziana em alumínio anodizado, linha 25, completa, incl. puxador com tranca, caixilho, alizar e contramarco | E68: m2 | F68: =MC!J281 -> 4.8 | G68: 949.4 | H68: =TRUNC(ROUND(G68*(1+$F$4),2),2) -> 1252.83 | I68: =TRUNC(ROUND(F68*H68,2),2) -> 6013.58
D69: SUB-TOTAL 07 | I69: =SUM(I63:I68) -> 15285.87
A70: 8 | B70: 08 | D70: VIDROS E ESPELHOS
A71: 8.1 | B71: 0801 | C71: DER-ES | D71: VIDROS PARA ESQUADRIAS
A72: 8.1.1 | B72: 080102 | C72: DER-ES | D72: Vidro plano transparente liso, com 4 mm de espessura | E72: m2 | F72: =MC!J293 -> 7.7591 | G72: 315.7 | H72: =TRUNC(ROUND(G72*(1+$F$4),2),2) -> 416.6 | I72: =TRUNC(ROUND(F72*H72,2),2) -> 3232.44
A73: 8.2 | B73: 0802 | C73: DER-ES | D73: ESPELHOS
A74: 8.2.1 | B74: 080201 | C74: DER-ES | D74: Espelho para banheiros espessura 4 mm, incluindo chapa compensada 10 mm, moldura de alumínio em perfil L 3/4", fixado com parafusos cromados | E74: m2 | F74: =MC!J298 -> 1.26 | G74: 660.36 | H74: =TRUNC(ROUND(G74*(1+$F$4),2),2) -> 871.41 | I74: =TRUNC(ROUND(F74*H74,2),2) -> 1097.98
D75: SUB-TOTAL 08 | I75: =SUM(I72:I74) -> 4330.42
A76: 9 | B76: 09 | D76: COBERTURA
A77: 9.1 | B77: 0903 | C77: DER-ES | D77: ESTRUTURA PARA TELHADO
A78: 9.1.1 | B78: 090312 | C78: DER-ES | D78: Calha em chapa galvanizada com largura de 40 cm | E78: m | F78: =MC!J303 -> 23.3 | G78: 203.8 | H78: =TRUNC(ROUND(G78*(1+$F$4),2),2) -> 268.93 | I78: =TRUNC(ROUND(F78*H78,2),2) -> 6266.07
A79: 9.1.2 | B79: COMP-01 | D79: Telhamento com Telha Metálica Termoacústica E = 30 Mm, Com Até 2 Águas, Incluso Içamento | E79: m2 | F79: =MC!J309 -> 580.12 | G79: ='COMP-01'!I30 -> 237.12 | H79: =TRUNC(ROUND(G79*(1+$F$4),2),2) -> 312.9 | I79: =TRUNC(ROUND(F79*H79,2),2) -> 181519.55
A80: 9.1.3 | B80: COMP-02 | D80: Trama de Aço Composta por Terças para Telhados de Até 2 Águas Para Telha Ondulada de Fibrocimento, metálica, plástica ou Termoacústica, Incluso Tranporte Vertical | E80: m2 | F80: =MC!J314 -> 580.12 | G80: ='COMP-02'!I30 -> 59.26 | H80: =TRUNC(ROUND(G80*(1+$F$4),2),2) -> 78.2 | I80: =TRUNC(ROUND(F80*H80,2),2) -> 45365.38
A81: 9.1.4 | B81: COMP-03 | D81: Calha Em Chapa de Aço Galvanizado Número 24, Desenvolvimento De 33 Cm Incluso Transporte Vertical | E81: m | F81: =MC!J318 -> 42.66 | G81: ='COMP-03'!I33 -> 77.7 | H81: =TRUNC(ROUND(G81*(1+$F$4),2),2) -> 102.53 | I81: =TRUNC(ROUND(F81*H81,2),2) -> 4373.93
D82: SUB-TOTAL 09 | I82: =SUM(I78:I81) -> 237524.93
A83: 10 | B83: 10 | D83: IMPERMEABILIZAÇÃO
A84: 10.1 | B84: 1002 | C84: DER-ES | D84: IMPERMEABILIZAÇÃO CALHAS, LAJES DESCOBERTAS, BALDRAMES, PAREDES E JARDINEIRAS
A85: 10.1.1 | B85: 100208 | C85: DER-ES | D85: Índice de imperm.c/ manta asfáltica atendendo NBR 9952, asfalto polimerizado esp.3mm, reforç.c/ filme int. polietileno, regul. base c/ arg.1:4 esp.mín.15mm, proteção mec. arg.1:4 esp.20mm e juntas dilat. | E85: m2 | F85: =MC!J325 -> 30.757 | G85: 297.16 | H85: =TRUNC(ROUND(G85*(1+$F$4),2),2) -> 392.13 | I85: =TRUNC(ROUND(F85*H85,2),2) -> 12060.74
D86: SUB-TOTAL 10 | I86: =SUM(I85) -> 12060.74
A87: 11 | B87: 11 | D87: TETOS E FORROS
A88: 11.1 | B88: 1101 | C88: DER-ES | D88: REVESTIMENTO COM ARGAMASSA
A89: 11.1.1 | B89: 110101 | C89: DER-ES | D89: Chapisco com argamassa de cimento e areia média ou grossa lavada no traço 1:3, espessura 5 mm | E89: m2 | F89: =MC!J335 -> 33.14 | G89: 13.07 | H89: =TRUNC(ROUND(G89*(1+$F$4),2),2) -> 17.25 | I89: =TRUNC(ROUND(F89*H89,2),2) -> 571.67
A90: 11.2 | B90: 1102 | C90: DER-ES | D90: REBAIXAMENTOS
A91: 11.2.1 | B91: 110210 | C91: DER-ES | D91: Forro PVC branco L = 20 cm, frisado, colocado | E91: m2 | F91: =MC!J342 -> 70.18 | G91: 82.33 | H91: =TRUNC(ROUND(G91*(1+$F$4),2),2) -> 108.64 | I91: =TRUNC(ROUND(F91*H91,2),2) -> 7624.36
A92: 11.3 | B92: 1103 | C92: DER-ES | D92: REVESTIMENTO EMPREGANDO ARGAMASSA DE CIMENTO, CAL E AREIA
A93: 11.3.1 | B93: 110302 | C93: DER-ES | D93: Reboco tipo paulista de argamassa de cimento, cal hidratada CH1 e areia lavada traço 1:0.5:6, espessura 25 mm | E93: m2 | F93: =MC!J351 -> 33.14 | G93: 61.74 | H93: =TRUNC(ROUND(G93*(1+$F$4),2),2) -> 81.47 | I93: =TRUNC(ROUND(F93*H93,2),2) -> 2699.92
D94: SUB-TOTAL 11 | I94: =SUM(I89:I93) -> 10895.95
A95: 12 | B95: 12 | D95: REVESTIMENTO DE PAREDES
A96: 12.1 | B96: 1201 | C96: DER-ES | D96: REVESTIMENTO COM ARGAMASSA
A97: 12.1.1 | B97: 120101 | C97: DER-ES | D97: Chapisco com argamassa de cimento e areia média ou grossa lavada no traço 1:3, espessura 5 mm | E97: m2 | F97: =MC!J357 -> 1.085 | G97: 6.88 | H97: =TRUNC(ROUND(G97*(1+$F$4),2),2) -> 9.08 | I97: =TRUNC(ROUND(F97*H97,2),2) -> 9.85
A98: 12.2 | B98: 1302 | C98: DER-ES | D98: ACABAMENTOS
A99: 12.2.1 | B99: 130234 | C99: DER-ES | D99: Porcelanato natural, acabamento acetinado, dim. 60x60cm, ref. PLATINA NA Eliane/equiv, utilizando dupla colagem de argamassa colante para porcelanato tipo ACIII e rejunte 1mm para porcelanato | E99: m2 | F99: =MC!J365 -> 93.4324 | G99: 166.32 | H99: =TRUNC(ROUND(G99*(1+$F$4),2),2) -> 219.48 | I99: =TRUNC(ROUND(F99*H99,2),2) -> 20506.54
A100: 12.3 | B100: 1203 | C100: DER-ES | D100: REVESTIMENTO EMPREGANDO ARGAMASSA DE CIMENTO, CAL E AREIA
...

Sheet MC
B1: PREFEITURA MUNICIPAL DE JOÃO NEIVA
B2: MEMÓRIA DE CÁLCULO | I2: TABELA DE REFERÊNCIA:DER/ES
B3: OBRA: REFORMA DO CENTRO ASSOCIATIVO RENASCER NO MUNICÍPIO DE JOÃO NEIVA-ES | G3: L. SOCIAIS: | H3: 1.5727
B4: LOCAL: JOÃO NEIVA-ES | G4: BDI: | H4: 0.3196 | I4: DATA-BASE: NOV/2022
A5: ITEM | B5: DESCRIÇÃO SERVIÇO | C5: UNIDADE | D5: Qnt | E5: C (m) | F5: L (m) | G5: H (m) | H5: A(m2) | I5: V(m3) | J5: QUANT. DO SERVIÇO
A6: ='PLANILHA ORÇAMENTÁRIA'!A7 -> 1 | B6: ='PLANILHA ORÇAMENTÁRIA'!D7 -> SERVIÇOS PRELIMINARES
A7: ='PLANILHA ORÇAMENTÁRIA'!A8 -> 1.1 | B7: ='PLANILHA ORÇAMENTÁRIA'!D8 -> DEMOLIÇÕES E RETIRADAS
A8: ='PLANILHA ORÇAMENTÁRIA'!A9 -> 1.1.1 | B8: ='PLANILHA ORÇAMENTÁRIA'!D9 -> Demolição de piso revestido com cerâmica | C8: ='PLANILHA ORÇAMENTÁRIA'!E9 -> m2 | D8: Qnt | E8: C (m) | F8: L (m) | G8: H (m) | H8: A(m2) | I8: V(m3) | J8: QUANT. DO SERVIÇO
B9: Banheiro Masculino | H9: 8.53 | J9: =H9 -> 8.53
B10: Banheiro Feminino | H10: 12.35 | J10: =H10 -> 12.35
B11: Banheiro Área de serviço | H11: 2.7 | J11: =H11 -> 2.7
B12: Bilheteria | H12: 19.32 | J12: =H12 -> 19.32
I13: Total | J13: =SUM(J9:J12) -> 42.9
A15: ='PLANILHA ORÇAMENTÁRIA'!A10 -> 1.1.2 | B15: ='PLANILHA ORÇAMENTÁRIA'!D10 -> Demolição de revestimento com azulejos | C15: ='PLANILHA ORÇAMENTÁRIA'!E10 -> m2 | D15: Qnt | E15: C (m) | F15: L (m) | G15: H (m) | H15: A(m2) | I15: V(m3) | J15: QUANT. DO SERVIÇO
I16: Vãos a descontar (m2)
B17: Banheiro Masculino | F17: =(2.94+2.9+2.94+2.9+1.06+1.06+1.6+1.6+1.15+1.15) -> 19.3 | G17: 1.85 | H17: =F17*G17 -> 35.705 | I17: =(0.7*1.85)+(0.6*1.85*2) -> 3.515 | J17: =H17-I17 -> 32.19
B18: Banheiro Feminino | F18: =(2.94+2.94+4.2+4.2+1.98+1.98+1.46+1.46+1.46+1.46+2.94+2.94+1.13+1.13) -> 32.22 | G18: 1.85 | H18: =F18*G18 -> 59.607 | I18: =(0.7*1.85)+(0.6*1.85*8) -> 10.175 | J18: =H18-I18 -> 49.432
B19: Banheiro Área de serviço | F19: =(1.11+1.11+2.43+2.43) -> 7.08 | G19: 1.85 | H19: =F19*G19 -> 13.098 | I19: =(0.6*1.85)+1.11*0.16 -> 1.2876 | J19: =H19-I19 -> 11.8104
I20: Total | J20: =SUM(J17:J19) -> 93.4324
A22: ='PLANILHA ORÇAMENTÁRIA'!A11 -> 1.1.3 | B22: ='PLANILHA ORÇAMENTÁRIA'!D11 -> Retirada de revestimento antigo em reboco | C22: ='PLANILHA ORÇAMENTÁRIA'!E17 -> m2 | D22: Qnt | E22: C (m) | F22: L (m) | G22: H (m) | H22: A(m2) | I22: V(m3) | J22: QUANT. DO SERVIÇO
B23: Teto Banheiro Feminino | H23: 12.35 | J23: =H23 -> 12.35
B24: Teto Banheiro Masculino | H24: 8.53 | J24: =H24 -> 8.53
B25: Teto Banheiro Área de serviço | H25: 2.7 | J25: =H25 -> 2.7
B26: Teto Área de Serviço | H26: 2.43 | J26: =H26 -> 2.43
B27: Parede externa sem calçada (lado rio) | E27: =20.18+6.82+3.12+2.84+9 -> 41.96 | G27: 0.6 | H27: =E27*G27 -> 25.176 | J27: =H27 -> 25.176
I28: Total | J28: =SUM(J23:J27) -> 51.186
A30: ='PLANILHA ORÇAMENTÁRIA'!A12 -> 1.1.4 | B30: ='PLANILHA ORÇAMENTÁRIA'!D12 -> Demolição de alvenaria | C30: ='PLANILHA ORÇAMENTÁRIA'!E12 -> m3 | D30: Qnt | E30: C (m) | F30: L (m) | G30: H (m) | H30: A(m2) | I30: V(m3) | J30: QUANT. DO SERVIÇO
B31: Abertura para básculas dos banheiros Masc. e Fem. | D31: 4 | E31: 0.8 | F31: 0.13 | G31: 0.6 | I31: =D31*E31*F31*G31 -> 0.2496 | J31: =I31 -> 0.2496
B32: Abertura para báscula da cozinha | D32: 1 | E32: 0.77 | F32: 0.13 | G32: 0.43 | I32: =D32*E32*F32*G32 -> 0.043043 | J32: =I32 -> 0.043043
I33: Total | J33: =SUM(J31:J32) -> 0.292643
A35: ='PLANILHA ORÇAMENTÁRIA'!A13 -> 1.1.5 | B35: ='PLANILHA ORÇAMENTÁRIA'!D13 -> Retirada de portas e janelas de madeira, inclusive batentes | C35: ='PLANILHA ORÇAMENTÁRIA'!E13 -> m2 | D35: Qnt | E35: C (m) | F35: L (m) | G35: H (m) | H35: A(m2) | I35: V(m3) | J35: QUANT. DO SERVIÇO
B36: Banheiro Masculino
B37: Portas | D37: 1 | F37: 0.6 | G37: 1.6 | H37: =G37*F37 -> 0.96 | J37: =H37*D37 -> 0.96
B38: Banheiro Feminino
B39: Portas | D39: 4 | F39: 0.6 | G39: 2.1 | H39: =G39*F39 -> 1.26 | J39: =H39*D39 -> 5.04
B40: Báscula | D40: 1 | F40: 0.55 | G40: 0.35 | H40: =G40*F40 -> 0.1925 | J40: =H40*D40 -> 0.1925
B41: Banheiro Área de serviço
B42: Porta | D42: 1 | F42: 0.6 | G42: 2.1 | H42: =F42*G42 -> 1.26 | J42: =H42 -> 1.26
B43: Cozinha
B44: Janela | D44: 1 | F44: 1.45 | G44: 1.16 | H44: =G44*F44 -> 1.682 | J44: =H44*D44 -> 1.682
B45: Porta | D45: 1 | F45: 0.7 | G45: 2.1 | H45: =G45*F45 -> 1.47 | J45: =H45*D45 -> 1.47
B46: Despensa
B47: Báscula | D47: 1 | F47: 0.75 | G47: 0.55 | H47: =G47*F47 -> 0.4125 | J47: =H47*D47 -> 0.4125
B48: Báscula | D48: 1 | F48: 0.6 | G48: 0.4 | H48: =G48*F48 -> 0.24 | J48: =H48*D48 -> 0.24
B49: Cantina
B50: Báscula | D50: 1 | F50: 1.94 | G50: 0.44 | H50: =G50*F50 -> 0.8536 | J50: =H50*D50 -> 0.8536
I51: Total | J51: =SUM(J37:J50) -> 12.1106
A53: ='PLANILHA ORÇAMENTÁRIA'!A14 -> 1.1.6 | B53: ='PLANILHA ORÇAMENTÁRIA'!D14 -> Demolição de piso cimentado, exclusive lastro de concreto | C53: ='PLANILHA ORÇAMENTÁRIA'!E14 -> m2 | D53: Qnt | E53: C (m) | F53: L (m) | G53: H (m) | H53: A(m2) | I53: V(m3) | J53: QUANT. DO SERVIÇO
B54: Bilheteria | H54: 10.98
B55: Salão | H55: 341.5 | J55: =H55 -> 341.5
B56: Palco | H56: 13.08 | J56: =H56 -> 13.08
B57: Circulação | H57: 36.03 | J57: =H57 -> 36.03
B58: Cantina | H58: 21.9 | J58: =H58 -> 21.9
B59: Cozinha | H59: 24.6 | J59: =H59 -> 24.6
B60: Caixa | H60: 7.13 | J60: =H60 -> 7.13
B61: Depósito | H61: 23.68 | J61: =H61 -> 23.68
B62: Área de serviço | H62: 2.43 | J62: =H62 -> 2.43
I63: Total | J63: =SUM(J55:J62) -> 470.35
A65: ='PLANILHA ORÇAMENTÁRIA'!A15 -> 1.1.7 | B65: ='PLANILHA ORÇAMENTÁRIA'!D15 -> Retirada de aparelhos sanitários | C65: ='PLANILHA ORÇAMENTÁRIA'!E15 -> und | D65: Qnt | E65: C (m) | F65: L (m) | G65: H (m) | H65: A(m2) | I65: V(m3) | J65: QUANT. DO SERVIÇO
B66: Banheiro Masculino | D66: 2 | J66: =D66 -> 2
B67: Banheiro Feminino | D67: 4 | J67: =D67 -> 4
B68: Banheiro Área de serviço | D68: 2 | J68: =D68 -> 2
I69: Total | J69: =SUM(J66:J68) -> 8
A71: ='PLANILHA ORÇAMENTÁRIA'!A16 -> 1.1.8 | B71: ='PLANILHA ORÇAMENTÁRIA'!D16 -> Retirada de grades, gradis, alambrados, cercas e portões | C71: ='PLANILHA ORÇAMENTÁRIA'!E16 -> m2 | D71: Qnt | E71: C (m) | F71: L (m) | G71: H (m) | H71: A(m2) | I71: V(m3) | J71: QUANT. DO SERVIÇO
B72: Grade Banheiro Masculino | E72: 0.5 | G72: 0.7 | H72: =E72*G72 -> 0.35 | J72: =H72 -> 0.35
B73: Grade Cozinha | E73: 0.93 | G73: 0.43 | H73: =E73*G73 -> 0.3999 | J73: =H73 -> 0.3999
I74: Total | J74: =SUM(J72:J73) -> 0.7499
A76: ='PLANILHA ORÇAMENTÁRIA'!A17 -> 1.1.9 | B76: ='PLANILHA ORÇAMENTÁRIA'!D17 -> Demolição de forro de madeira, sem reaproveitamento | C76: ='PLANILHA ORÇAMENTÁRIA'!E17 -> m2 | D76: Qnt | E76: C (m) | F76: L (m) | G76: H (m) | H76: A(m2) | I76: V(m3) | J76: QUANT. DO SERVIÇO
B77: Cantina | H77: 21.9 | J77: =H77 -> 21.9
B78: Cozinha | H78: 24.6 | J78: =H78 -> 24.6
B79: Despensa | H79: 23.68 | J79: =H79 -> 23.68
I80: Total | J80: =SUM(J77:J79) -> 70.18
A82: ='PLANILHA ORÇAMENTÁRIA'!A18 -> 1.1.10 | B82: ='PLANILHA ORÇAMENTÁRIA'!D18 -> Retirada de pontos elétricos (luminárias, interruptores e tomadas) | C82: ='PLANILHA ORÇAMENTÁRIA'!E18 -> und | D82: Qnt | E82: C (m) | F82: L (m) | G82: H (m) | H82: A(m2) | I82: V(m3) | J82: QUANT. DO SERVIÇO
B83: Salão
B84: Luminarias | D84: 11 | J84: =D84 -> 11
B85: Interruptores | D85: 3 | J85: =D85 -> 3
B86: Tomadas | D86: 8 | J86: =D86 -> 8
B87: Vetntiladores | D87: 7 | J87: =D87 -> 7
B88: Caixa
B89: Luminarias | D89: 1 | J89: =D89 -> 1
B90: Tomadas | D90: 6 | J90: =D90 -> 6
B91: Interruptores | D91: 1 | J91: =D91 -> 1
B92: Banheiro Masculino
B93: Luminarias | D93: 1 | J93: =D93 -> 1
B94: Interruptores | D94: 1 | J94: =D94 -> 1
B95: Banheiro Feminino
B96: Luminarias | D96: 2 | J96: =D96 -> 2
B97: Interruptores | D97: 1 | J97: =D97 -> 1
B98: Cantina
B99: Luminarias | D99: 2 | J99: =D99 -> 2
B100: Interruptores | D100: 2 | J100: =D100 -> 2
B101: Tomadas | D101: 5 | J101: =D101 -> 5
B102: Ventilador | D102: 1 | J102: =D102 -> 1
B103: Cozinha
B104: Luminarias | D104: 2 | J104: =D104 -> 2
B105: Interruptores | D105: 1 | J105: =D105 -> 1
B106: Tomadas | D106: 7 | J106: =D106 -> 7
B107: Despensa
B108: Luminarias | D108: 2 | J108: =D108 -> 2
B109: Banheiro área de serviço
...

Sheet CRONOGRAMA
B1: PREFEITURA MUNICIPAL DE JOÃO NEIVA
B2: CRONOGRAMA FÍSICO-FINANCEIRO
B3: OBRA: REFORMA DO CENTRO ASSOCIATIVO RENASCER NO MUNICÍPIO DE JOÃO NEIVA-ES | E3: L. SOCIAIS: | F3: 1.5727 | G3: TABELA DE REFERÊNCIA: DER/ES
B4: LOCAL: JOÃO NEIVA-ES | E4: BDI: | F4: 0.3196 | H4: DATA-BASE: | I4: NOV/22
A5: ITEM | B5: ETAPAS | C5: VALORES | E5: PERÍODO (MESES)
E6: 1 | F6: 2 | G6: 3 | H6: 4 | I6: 5 | J6: 6
A7: 01 | B7: ='PLANILHA ORÇAMENTÁRIA'!D7 -> SERVIÇOS PRELIMINARES | C7: Físico (%) | D7: =D8/$D$47 -> 0.081757474 | E7: 0.75 | F7: 0.25 | K7: =SUM(E7:J7) -> 1
C8: Financeiro (R$) | D8: ='PLANILHA ORÇAMENTÁRIA'!I28 -> 44273.3 | E8: =D8*E7 -> 33204.975 | F8: =D8*F7 -> 11068.325 | K8: =SUM(E8:J8) -> 44273.3
A9: 02 | B9: ='PLANILHA ORÇAMENTÁRIA'!D29 -> INSTALAÇÃO DO CANTEIRO DE OBRAS | C9: Físico (%) | D9: =D10/$D$47 -> 0.01816057 | E9: =E10/$D$10 -> 0.5455 | F9: 0.0909 | G9: 0.0909 | H9: 0.0909 | I9: 0.0909 | J9: 0.0909 | K9: =SUM(E9:J9) -> 1
C10: Financeiro (R$) | D10: ='PLANILHA ORÇAMENTÁRIA'!I34 -> 9834.31 | E10: =D10-(F10+G10+H10+I10+J10) -> 5364.6161 | F10: =$D$10*F9 -> 893.93878 | G10: =$D$10*G9 -> 893.93878 | H10: =$D$10*H9 -> 893.93878 | I10: =$D$10*I9 -> 893.93878 | J10: =$D$10*J9 -> 893.93878 | K10: =SUM(E10:J10) -> 9834.31
A11: 03 | B11: ='PLANILHA ORÇAMENTÁRIA'!D35 -> MOVIMENTO DE TERRA | C11: Físico (%) | D11: =D12/$D$47 -> 0.015877865 | F11: =F12/$D$12 -> 0.5 | G11: =G12/D12 -> 0.5 | K11: =SUM(E11:J11) -> 1
C12: Financeiro (R$) | D12: ='PLANILHA ORÇAMENTÁRIA'!I38 -> 8598.18 | F12: =D12/2 -> 4299.09 | G12: =D12-F12 -> 4299.09 | K12: =SUM(E12:J12) -> 8598.18
A13: 04 | B13: ='PLANILHA ORÇAMENTÁRIA'!D39 -> ESTRUTURAS | C13: Físico (%) | D13: =D14/$D$47 -> 0.001297053 | F13: =F14/$D$14 -> 1 | K13: =SUM(E13:J13) -> 1
C14: Financeiro (R$) | D14: ='PLANILHA ORÇAMENTÁRIA'!I45 -> 702.38 | E14: 0 | F14: =D14 -> 702.38 | K14: =SUM(E14:J14) -> 702.38
A15: 05 | B15: ='PLANILHA ORÇAMENTÁRIA'!D46 -> PAREDES E PAINÉIS | C15: Físico (%) | D15: =D16/$D$47 -> 0.00020869039 | F15: =F16/D16 -> 1 | K15: =SUM(E15:J15) -> 1
C16: Financeiro (R$) | D16: ='PLANILHA ORÇAMENTÁRIA'!I51 -> 113.01 | E16: 0 | F16: =D16 -> 113.01 | K16: =SUM(E16:J16) -> 113.01
A17: 06 | B17: ='PLANILHA ORÇAMENTÁRIA'!D52 -> ESQUADRIAS DE MADEIRA | C17: Físico (%) | D17: =D18/$D$47 -> 0.019133073 | H17: =H18/D18 -> 1 | K17: =SUM(E17:J17) -> 1
C18: Financeiro (R$) | D18: ='PLANILHA ORÇAMENTÁRIA'!I61 -> 10360.94 | E18: 0 | H18: =D18 -> 10360.94 | K18: =SUM(E18:J18) -> 10360.94
A19: 07 | B19: ='PLANILHA ORÇAMENTÁRIA'!D62 -> ESQUADRIAS METÁLICAS | C19: Físico (%) | D19: =D20/$D$47 -> 0.028227716 | H19: =H20/D20 -> 1 | K19: =SUM(E19:J19) -> 1
C20: Financeiro (R$) | D20: ='PLANILHA ORÇAMENTÁRIA'!I69 -> 15285.87 | H20: =D20 -> 15285.87 | K20: =SUM(E20:J20) -> 15285.87
A21: 08 | B21: ='PLANILHA ORÇAMENTÁRIA'!D70 -> VIDROS E ESPELHOS | C21: Físico (%) | D21: =D22/$D$47 -> 0.0079967882 | I21: 0.75 | J21: =J22/D22 -> 0.25 | K21: =SUM(E21:J21) -> 1
C22: Financeiro (R$) | D22: ='PLANILHA ORÇAMENTÁRIA'!I75 -> 4330.42 | E22: 0 | I22: =D22*I21 -> 3247.815 | J22: =D22-I22 -> 1082.605 | K22: =SUM(E22:J22) -> 4330.42
A23: 09 | B23: ='PLANILHA ORÇAMENTÁRIA'!D76 -> COBERTURA | C23: Físico (%) | D23: =D24/$D$47 -> 0.4386264 | F23: 0.25 | G23: =G24/D24 -> 0.75 | K23: =SUM(E23:J23) -> 1
C24: Financeiro (R$) | D24: ='PLANILHA ORÇAMENTÁRIA'!I82 -> 237524.93 | F24: =D24*F23 -> 59381.232 | G24: =D24-F24 -> 178143.7 | K24: =SUM(E24:J24) -> 237524.93
A25: 10 | B25: ='PLANILHA ORÇAMENTÁRIA'!D83 -> IMPERMEABILIZAÇÃO | C25: Físico (%) | D25: =D26/$D$47 -> 0.022272016 | G25: =G26/$D$26 -> 1 | K25: =SUM(E25:J25) -> 1
C26: Financeiro (R$) | D26: ='PLANILHA ORÇAMENTÁRIA'!I86 -> 12060.74 | G26: =D26 -> 12060.74 | K26: =SUM(E26:J26) -> 12060.74
A27: 11 | B27: ='PLANILHA ORÇAMENTÁRIA'!D87 -> TETOS E FORROS | C27: Físico (%) | D27: =D28/$D$47 -> 0.020121052 | H27: =H28/D28 -> 1 | K27: =SUM(E27:J27) -> 1
C28: Financeiro (R$) | D28: ='PLANILHA ORÇAMENTÁRIA'!I94 -> 10895.95 | E28: 0 | H28: =D28 -> 10895.95 | K28: =SUM(E28:J28) -> 10895.95
A29: 12 | B29: ='PLANILHA ORÇAMENTÁRIA'!D95 -> REVESTIMENTO DE PAREDES | C29: Físico (%) | D29: =D30/$D$47 -> 0.038437645 | H29: 0.5 | I29: =I30/D30 -> 0.5 | K29: =SUM(E29:J29) -> 1
C30: Financeiro (R$) | D30: ='PLANILHA ORÇAMENTÁRIA'!I103 -> 20814.75 | E30: 0 | H30: =D30*H29 -> 10407.375 | I30: =H30 -> 10407.375 | K30: =SUM(E30:J30) -> 20814.75
A31: 13 | B31: ='PLANILHA ORÇAMENTÁRIA'!D104 -> PISOS INTERNOS E EXTERNOS | C31: Físico (%) | D31: =D32/$D$47 -> 0.1720861 | H31: 0.5 | I31: =I32/D32 -> 0.5 | K31: =SUM(E31:J31) -> 1
C32: Financeiro (R$) | D32: ='PLANILHA ORÇAMENTÁRIA'!I111 -> 93188.05 | H32: =D32*H31 -> 46594.025 | I32: =H32 -> 46594.025 | K32: =SUM(E32:J32) -> 93188.05
A33: 14 | B33: ='PLANILHA ORÇAMENTÁRIA'!D112 -> INSTALAÇÕES HIDRO-SANITÁRIAS | C33: Físico (%) | D33: =D34/$D$47 -> 0.0034463553 | H33: =H34/D34 -> 1 | K33: =SUM(E33:J33) -> 1
C34: Financeiro (R$) | D34: ='PLANILHA ORÇAMENTÁRIA'!I118 -> 1866.27 | H34: =D34 -> 1866.27 | K34: =SUM(E34:J34) -> 1866.27
A35: 15 | B35: ='PLANILHA ORÇAMENTÁRIA'!D119 -> INSTALAÇÕES ELÉTRICAS | C35: Físico (%) | D35: =D36/$D$47 -> 0.0073641798 | H35: =H36/D36 -> 1 | K35: =SUM(E35:J35) -> 1
C36: Financeiro (R$) | D36: ='PLANILHA ORÇAMENTÁRIA'!I134 -> 3987.85 | H36: =D36 -> 3987.85 | K36: =SUM(E36:J36) -> 3987.85
A37: 16 | B37: ='PLANILHA ORÇAMENTÁRIA'!D135 -> APARELHOS HIDRO-SANITÁRIOS | C37: Físico (%) | D37: =D38/$D$47 -> 0.0080498425 | I37: =I38/D38 -> 1 | K37: =SUM(E37:J37) -> 1
C38: Financeiro (R$) | D38: ='PLANILHA ORÇAMENTÁRIA'!I145 -> 4359.15 | I38: =D38 -> 4359.15 | K38: =SUM(E38:J38) -> 4359.15
A39: 17 | B39: ='PLANILHA ORÇAMENTÁRIA'!D146 -> APARELHOS ELÉTRICOS | C39: Físico (%) | D39: =D40/$D$47 -> 0.018453301 | J39: =J40/D40 -> 1 | K39: =SUM(E39:J39) -> 1
C40: Financeiro (R$) | D40: ='PLANILHA ORÇAMENTÁRIA'!I159 -> 9992.83 | J40: =D40 -> 9992.83 | K40: =SUM(E40:J40) -> 9992.83
A41: 18 | B41: ='PLANILHA ORÇAMENTÁRIA'!D160 -> PINTURA | C41: Físico (%) | D41: =D42/$D$47 -> 0.082404652 | J41: =J42/D42 -> 1 | K41: =SUM(E41:J41) -> 1
C42: Financeiro (R$) | D42: ='PLANILHA ORÇAMENTÁRIA'!I167 -> 44623.76 | J42: =D42 -> 44623.76 | K42: =SUM(E42:J42) -> 44623.76
A43: 19 | B43: ='PLANILHA ORÇAMENTÁRIA'!D168 -> SERVIÇOS COMPLEMENTARES EXTERNOS | C43: Físico (%) | D43: =D44/$D$47 -> 0.014530694 | J43: =J44/D44 -> 1 | K43: =SUM(E43:J43) -> 1
C44: Financeiro (R$) | D44: ='PLANILHA ORÇAMENTÁRIA'!I171 -> 7868.66 | J44: =D44 -> 7868.66 | K44: =SUM(E44:J44) -> 7868.66
A45: 20 | B45: ='PLANILHA ORÇAMENTÁRIA'!D172 -> SERVIÇOS COMPLEMENTARES INTERNOS | C45: Físico (%) | D45: =D46/$D$47 -> 0.0015485303 | J45: =J46/D46 -> 1 | K45: =SUM(E45:J45) -> 1
C46: Financeiro (R$) | D46: ='PLANILHA ORÇAMENTÁRIA'!I177 -> 838.56 | J46: =D46 -> 838.56 | K46: =SUM(E46:J46) -> 838.56
A47: Total Parcial (%) | D47: =D8+D10+D12+D14+D16+D18+D20+D22+D24+D26+D28+D30+D32+D34+D36+D38+D40+D42+D44+D46 -> 541519.91 | E47: =E50/D47 -> 0.071224696 | F47: =F49/$D$47 -> 0.14119144 | G47: =G49/$D$47 -> 0.36083155 | H47: =H49/$D$47 -> 0.18520504 | I47: =I49/$D$47 -> 0.1209601 | J47: =J49/$D$47 -> 0.12058717
A48: Metas (%) | E48: =E47 -> 0.071224696 | F48: =E48+F47 -> 0.21241614 | G48: =F48+G47 -> 0.57324768 | H48: =G48+H47 -> 0.75845273 | I48: =H48+I47 -> 0.87941283 | J48: =I48+J47 -> 1
A49: Total Financeiro (R$) | E49: =E8+E10+E12+E14+E16+E18+E20+E22+E24+E26+E28+E30+E32+E34+E36+E38+E40+E42+E44+E46 -> 38569.591 | F49: =F8+F10+F12+F14+F16+F18+F20+F22+F24+F26+F28+F30+F32+F34+F36+F38+F40+F42+F44+F46 -> 76457.976 | G49: =G8+G10+G12+G14+G16+G18+G20+G22+G24+G26+G28+G30+G32+G34+G36+G38+G40+G42+G44+G46 -> 195397.47 | H49: =H8+H10+H12+H14+H16+H18+H20+H22+H24+H26+H28+H30+H32+H34+H36+H38+H40+H42+H44+H46 -> 100292.22 | I49: =I8+I10+I12+I14+I16+I18+I20+I22+I24+I26+I28+I30+I32+I34+I36+I38+I40+I42+I44+I46 -> 65502.304 | J49: =J8+J10+J12+J14+J16+J18+J20+J22+J24+J26+J28+J30+J32+J34+J36+J38+J40+J42+J44+J46 -> 65300.354
A50: Total Acumulado (R$) | E50: =E49 -> 38569.591 | F50: =E50+F49 -> 115027.57 | G50: =F50+G49 -> 310425.03 | H50: =G50+H49 -> 410717.25 | I50: =H50+I49 -> 476219.56 | J50: =I50+J49 -> 541519.91

Sheet BDI
C2: PREFEITURA MUNICIPAL DE JOÃO NEIVA
C3: COMPOSIÇÃO BDI
C4: OBRA: REFORMA DO CENTRO ASSOCIATIVO RENASCER NO MUNICÍPIO DE JOÃO NEIVA-ES | F4: L. SOCIAIS: | G4: 1.5727 | H4: TABELA DE REFERÊNCIA: DER/ES
C5: LOCAL: JOÃO NEIVA-ES | F5: BDI: | G5: 0.3196 | H5: DATA-BASE: | J5: NOV/22
E7: Para Serviços
C8: GRUPO A
C9: Administração Central | E9: 0.0406
C10: Total Grupo A | E10: =E9 -> 0.0406
C11: GRUPO B
C12: Administração Local | E12: 0.0588
C13: Total Grupo B | E13: =E12 -> 0.0588
C14: GRUPO C
C15: Impostos/Tributos
C16: ISS | E16: 0.05
C17: PIS | E17: 0.0065
C18: COFINS | E18: 0.03
C19: CPRB | E19: 0
C20: Total Grupo C | E20: =SUM(E16:E19) -> 0.0865
C21: GRUPO D
C22: Custos Financeiros | E22: 0.0061
C23: Total Grupo D | E23: =E22 -> 0.0061
C24: GRUPO E
C25: Seguros / Garantia | E25: 0.005
C26: Riscos | E26: 0.005
C27: Total Grupo E | E27: =SUM(E25:E26) -> 0.01
C28: GRUPO F
C29: Lucro | E29: 0.08
C30: Total Grupo F | E30: =E29 -> 0.08
C32: BDI Total | E32: =(((1+E23)*(1+E10+E13+E27)*(1+E30)/(1-E20))-1) -> 0.31960671
B34: OBS:
B36: 1 | C36: - A fórmula para cálculo da taxa a ser acrescida aos custos diretos de um
C37: empreendimento a título de Benefícios e Despesas Indiretas é:
C38: BDI = {(1 + D)*(1 + A+B+E)*(1 + F)} -1, onde:
C39: (1 – C)
C40: A = ADMINISTRAÇÃO CENTRAL;
C41: B = ADMINISTRAÇÃO LOCAL;
C42: C = ISS + PIS + COFINS+INSS;
C43: D = CUSTOS FINANCEIROS;
C44: E = RISCOS, SEGUROS E GARANTIAS;
C45: F = BENEFÍCIO/LUCRO;
B46: JUSTIFICATIVA MODIFICAÇÃO DOS PERCENTUAIS:
B47: ADMINISTRAÇÃO LOCAL: FOI CONSIDERADO PERCENTUAL INFERIOR AO DA TABELA DE TAXA DE BDI PADRÃO APLICÁVEL, CONFORME RESOLUÇÃO Nº329, DE 24 DE SETEMBRO DE 2019, VISANDO NÃO ULTRAPASSAR O PERCENTUAL DO BDI TOTAL, CONSIDERANDO QUE HOUVE A NECESSIDADE DE AUMENTO DO ISSQN, DE ACORDO COM A LEI MUNICIPAL N° 3.203, DE 27 DE SETEMBRO DE 2019
B48: ISSQN: FOI CONSIDERADO PERCENTUAL SUPERIOR AO DA TABELA DE TAXA DE BDI PADRÃO APLICÁVEL, CONFORME RESOLUÇÃO Nº329, DE 24 DE SETEMBRO DE 2019, CONSIDERANDO QUE HOUVE A NECESSIDADE DE AUMENTO DO ISSQN, DE ACORDO COM A LEI MUNICIPAL N° 3.203, DE 27 DE SETEMBRO DE 2019.
B49: 2 | C49: - Discriminação do BDI
C51: A – Despesas financeiras:
C52: são aquelas decorrentes do custo do capital de giro para fazer frente às despesas realizadas antes do efetivo recebimento das devidas receitas. Foi apropriada por estimativa com base na média proposta no ACÓRDÃO Nº 2.622/2013, PLENÁRIO de 25 set.2013.
C56: B – Administração Central:
C57: são as despesas relativas à manutenção de parcela do custo do escritório central da empresa, tais como: instalações do imóvel/sede (custo de propriedade ou de locação de imóveis); aquisição e manutenção dos equipamentos da sede (computadores, ar condicionado, veículos e correlatos); despesas administrativas (secretária, vigilante, auxiliar de escritório, contínuo, assessorias tercerizadas - ex. contadoria); despesas com consumo (água, luz, telefone, material para escritório, material para limpeza, alimentos, etc). Foi apropriada por estimativa com base na média proposta noACÓRDÃO Nº 2.622/2013, PLENÁRIO de 25 set.2013.
C58: C – Benefício/Lucro:
C59: é a parcela que contempla a remuneração do construtor, definidos com base em valor percentual sobre o total dos custos diretos e despesas indiretas, excluídas aquelas referentes às parcelas tributárias. A taxa adotada como benefício deve ser entendida como uma provisão de onde será retirado o lucro do construtor, após desconto de todos os encargos decorrentes de inúmeras incertezas que podem ocorrer durante as obras, difíceis de serem mensuradas no seu conjunto com base no ACÓRDÃO Nº 2.622/2013, PLENÁRIO de 25 set.2013.
C61: D – Riscos Imprevistos, Garantias e Seguros:
C62: valores para cobertura de despesas imprevisíveis e os seguros e garantias estabelecidos no Projeto Básico e orientação contante no ACÓRDÃO Nº 2.622/2013, PLENÁRIO de 25 set.2013.
C63: E – Valores Relativos aos Tributos:
C64: – Impostos sobre serviços de qualquer natureza – ISS, é imposto de competência municipal, consoante art. 156, inciso III, da Constituição Federal. Alíquota de 4% sobre o valor total da nota fiscal.(Os 4% consideram a redução de 20% da base de cálculo, conforme previsto no art. 9 do Decreto 13314/2007 e Lei Municipal 6075/2003).
C65: – Contribuição para o Programa de Integração Social – PIS. A taxa do PIS, definida pelos Decretos-Lei nº 2.445 e 2.449/88, é de 0,65% sobre a receita operacional bruta.
C66: – Contribuição para o Programa de Financiamento da Seguridade Social – COFINS, definida pela Lei 9.718/98, é de 3%, sobre a receita operacional bruta.
C67: – Contribuição Patronal sobre a Receita Bruta, definida pela Lei 13.161, de 31 de agosto de 2015, é de 4,5%, sobre a receita operacional bruta.

Sheet LS
C2: PREFEITURA MUNICIPAL DE JOÃO NEIVA
C3: COMPOSIÇÃO LEIS SOCIAIS
C4: OBRA: REFORMA DO CENTRO ASSOCIATIVO RENASCER NO MUNICÍPIO DE JOÃO NEIVA-ES
C5: LOCAL: JOÃO NEIVA-ES
B7: GRUPO A - Encargos Sociais Básicos | E7: % IOPES
B8: A.1 | C8: INSS (Art. 22 da Lei 8.212/91) | E8: 0.2
B9: A.2 | C9: FGTS (Art. 27 do Decreto 99.684/90) | E9: 0.08
B10: A.3 | C10: SESI/SESC (Lei 8.029/90 e Lei 8.036/90) | E10: 0.018
B11: A.4 | C11: SENAI/SENAC (Lei 8.029/90 e Decreto-Lei 6246/44) | E11: 0.013
B12: A.5 | C12: SEBRAE (já considerado no item A.3 e A.4) | E12: -
B13: A.6 | C13: INCRA (Lei 2.613/55 e Decreto 1.146/70) | E13: 0.002
B14: A.7 | C14: SALÁRIO-EDUCAÇÃO (Decreto 87.043/82) | E14: 0.025
B15: A.8 | C15: SEGURO ACIDENTE DO TRABALHO (Lei 8.212/91 e Decreto 3.048/99) | E15: 0.03
B16: A.9 | C16: SECONCI/Medicina do Trabalho | E16: 0.01
B17: TOTAL GRUPO A | E17: =SUM(E8:E16) -> 0.378
B18: GRUPO B - Encargos Sociais que recebem a incidência do grupo A | E18: % IOPES
B19: B.1 | C19: Descanso Semanal Remunerado (Art. 66 da CLT e Art. 7º da CF/88) | E19: 0.1752
B20: B.2 | C20: Feriados (Art. 70 da CLT e Lei 605/49) | E20: 0.0391
B21: B.3 | C21: Auxílio doença e acidente do trabalho (Lei 3.607/60 e Art. 131 da CLT) | E21: 0.0076
B22: B.4 | C22: Licença Paternidade (Art. 7º da CF/88) | E22: 0.0011
B23: B.5 | C23: Faltas Legais (Art. 473 da CLT) | E23: 0.0067
B24: B.6 | C24: 13º Salário (Lei nº 4090/62) | E24: 0.1011
B25: B.7 | C25: Aviso Prévio Trabalhado (Art. 7º, inciso XXI da CF/88) | E25: 0.0034
B26: B.8 | C26: Dias de Chuvas | E26: -
B27: B.9 | C27: Férias Gozadas | E27: -
B28: B.10 | C28: Salário Maternidade | E28: -
B29: B.11 | C29: Auxílio - Enfermidade | E29: -
B30: TOTAL GRUPO B | E30: =SUM(E19:E29) -> 0.3342
B31: GRUPO C - Encargos Sociais que não recebem a incidência do grupo A | E31: % IOPES
B32: C.1 | C32: Dispensa sem justa causa (LC 110/01) | E32: 0.0534
B33: C.2 | C33: Férias indenizadas (Art. 129 a 148 da CLT) | E33: 0.112
B34: C.3 | C34: Aviso prévio indenizado (Art. 7º, inciso XXI da CF/88) | E34: 0.1129
B35: C.4 | C35: FGTS sobre aviso prévio indenizado (Súmula 305 TST) | E35: 0.009
B36: C.5 | C36: INSS sobre aviso prévio indenizado (Decreto 6.727/09) | E36: 0.0226
B37: C.6 | C37: Aviso prévio trabalhado | E37: -
B38: C.7 | C38: Indenização Adicional | E38: -
B39: TOTAL GRUPO C | E39: =SUM(E32:E38) -> 0.3099
B40: GRUPO D - Reincidência dos encargos sociais básicos | E40: % IOPES
B41: D.1 | C41: Incidência do grupo A sobre o grupo B | E41: =E17*E30 -> 0.1263276
B42: D.2 | C42: Reincidência de Grupo A sobre Aviso Prévio Trabalho e Reincidência do FGTS sobre Aviso Prévio Indenizado | E42: -
B43: TOTAL GRUPO D | E43: =SUM(E41:E42) -> 0.1263276
B44: GRUPO E - Encargos complementares | E44: % IOPES
B45: E.1 | C45: Refeição/alimentação (Convenção Coletiva do Trabalho 2012/2013) | E45: 0.2575
B46: E.2 | C46: Vale Transporte (Lei nº 7418/85 e Decreto 95.247/87) | E46: 0.0603
B47: E.3 | C47: Uniforme/equipamento de segurança (Art. 166 da CLT e NR-18 da Lei nº 6.514/77 e Convenção Coletiva do Trabalho 2012/2013) | E47: 0.0267
B48: E.4 | C48: Plano de Saúde (Convenção Coletiva do Trabalho 2012/2013 | E48: 0.0798
B49: TOTAL GRUPO E | E49: 0.4243
B50: TOTAL DOS GRUPO (A+B+C+D+E) | E50: =E49+E39+E30+E17+E43 -> 1.5727276

Sheet COMP-01
A1: COMPOSIÇÃO ANALÍTICA DE PREÇO UNITÁRIO | I1: Data-base
I3: 44866
I4: COMP-01
A5: SERVIÇO: Telhamento com Telha Metálica Termoacústica E = 30 Mm, Com Até 2 Águas, Incluso Içamento | I5: UND: m²
A7: REFERÊNCIA: SINAPI 94216
A8: MÃO-DE-OBRA
A9: CÓD. | B9: ORGÃO | C9: DESCRIÇÃO | F9: UND | G9: COEF | H9: R$ UNIT. | I9: R$ PARCIAL
A10: 010146 | B10: DER-ES | C10: SERVENTE (AUXILIAR DE OBRAS - SINDUSCON) (LABOR) | E10: Encargo: 157,27% | F10: h | G10: 0.062 | H10: 15.85 | I10: =TRUNC(ROUND(G10*H10,2),2) -> 0.98
A11: 010150 | B11: DER-ES | C11: TELHADISTA - (OFICIAL - SINDUSCON) (LABOR) | E11: Encargo: 157,27% | F11: h | G11: 0.056 | H11: 21.35 | I11: =TRUNC(ROUND(G11*H11,2),2) -> 1.2
A12: TOTAL A | I12: =I10+I11 -> 2.18
A14: MATERIAIS/ SERVIÇOS
A15: CÓD. | B15: ORGÃO | C15: DESCRIÇÃO | F15: UND | G15: COEF | H15: R$ UNIT. | I15: R$ PARCIAL
A16: 11029 | B16: SINAPI | C16: HASTE RETA PARA GANCHO DE FERRO GALVANIZADO, COM ROSCA 1/4 " X 30 CM PARA FIXACAO DE TELHA METALICA, INCLUI PORCA E ARRUELAS DE VEDACAO | F16: CJ | G16: 4.15 | H16: 2.54 | I16: =TRUNC(ROUND(G16*H16,2),2) -> 10.54
A17: 40740 | B17: SINAPI | C17: TELHA GALVALUME COM ISOLAMENTO TERMOACUSTICO EM ESPUMA RIGIDA DE POLIURETA NO (PU) INJETADO, ESPESSURA DE 30 MM, DENSIDADE DE 35 KG/M3, REVESTIMENTO EM TELHA TRAPEZOIDAL NAS DUAS FACES COM ESPESSURA DE 0,50 MM CADA, ACABAMENTO NATURAL (NAO INCLUI ACESSORIOS DE FIXACAO) | F17: M2 | G17: 1.146 | H17: 195.77 | I17: =TRUNC(ROUND(G17*H17,2),2) -> 224.35
A18: TOTAL B | I18: =SUM(I16:I17) -> 234.89
A20: EQUIPAMENTOS
C21: DESCRIÇÃO | F21: UND | G21: COEF | H21: R$ UNIT. | I21: R$ PARCIAL
A22: 93281 | B22: SINAPI | C22: GUINCHO ELÉTRICO DE COLUNA, CAPACIDADE 400 KG, COM MOTO FREIO, MOTOR TRIFÁSICO DE 1,25 CV - CHP DIURNO | F22: CHP | G22: 0.0009 | H22: 25.2 | I22: =TRUNC(ROUND(G22*H22,2),2) -> 0.02
A23: 93282 | B23: SINAPI | C23: GUINCHO ELÉTRICO DE COLUNA, CAPACIDADE 400 KG, COM MOTO FREIO, MOTOR TRIFÁSICO DE 1,25 CV - CHI DIURNO | F23: CHI | G23: 0.0012 | H23: 24.27 | I23: =TRUNC(ROUND(G23*H23,2),2) -> 0.03
A24: TOTAL C | I24: =SUM(I22:I23) -> 0.05
A26: RESUMO
A27: TOTAL A | I27: =I12 -> 2.18
A28: TOTAL B | I28: =I18 -> 234.89
A29: TOTAL C | I29: =I24 -> 0.05
A30: PREÇO DE VENDA = TOTAL (A+B+C) | I30: =SUM(I27:I29) -> 237.12

Sheet COMP-02
A1: COMPOSIÇÃO ANALÍTICA DE PREÇO UNITÁRIO | I1: Data-base
I3: 44866
I4: COMP-02
A5: SERVIÇO: Trama de Aço Composta por Terças para Telhados de Até 2 Águas Para Telha Ondulada de Fibrocimento, metálica, plástica ou Termoacústica, Incluso Tranporte Vertical | I5: UND: m²
A7: REFERÊNCIA: SINAPI 92580
A8: MÃO-DE-OBRA
A9: CÓD. | B9: ORGÃO | C9: DESCRIÇÃO | F9: UND | G9: COEF | H9: R$ UNIT. | I9: R$ PARCIAL
A10: 010130 | B10: DER-ES | C10: MONTADOR (SINTRACONST) (LABOR) | E10: Encargo: 157,27% | F10: h | G10: 0.213 | H10: 32.57 | I10: =TRUNC(ROUND(G10*H10,2),2) -> 6.94
A11: 010146 | B11: DER-ES | C11: SERVENTE (AUXILIAR DE OBRAS - SINDUSCON) (LABOR) | E11: Encargo: 157,27% | F11: h | G11: 0.106 | H11: 15.85 | I11: =TRUNC(ROUND(G11*H11,2),2) -> 1.68
A12: TOTAL A | I12: =I10+I11 -> 8.62
A14: MATERIAIS/ SERVIÇOS
A15: CÓD. | B15: ORGÃO | C15: DESCRIÇÃO | F15: UND | G15: COEF | H15: R$ UNIT. | I15: R$ PARCIAL
A16: 40549 | B16: SINAPI | C16: PARAFUSO, COMUM, ASTM A307, SEXTAVADO, DIAMETRO 1/2" (12,7 MM), COMPRIMENTO 1" (25,4 MM) | F16: CENTO | G16: 0.007 | H16: 206.48 | I16: =TRUNC(ROUND(G16*H16,2),2) -> 1.45
A17: 43083 | B17: SINAPI | C17: PERFIL "U" ENRIJECIDO DE ACO GALVANIZADO, DOBRADO, 150 X 60 X 20 MM, E = 3,00 MM OU 200 X 75 X 25 MM, E = 3,75 MM | F17: KG | G17: 4.333 | H17: 11.26 | I17: =TRUNC(ROUND(G17*H17,2),2) -> 48.79
A18: TOTAL B | I18: =SUM(I16:I17) -> 50.24
A20: EQUIPAMENTOS
C21: DESCRIÇÃO | F21: UND | G21: COEF | H21: R$ UNIT. | I21: R$ PARCIAL
A22: 93281 | B22: SINAPI | C22: GUINCHO ELÉTRICO DE COLUNA, CAPACIDADE 400 KG, COM MOTO FREIO, MOTOR TRIFÁSICO DE 1,25 CV - CHP DIURNO | F22: CHP | G22: 0.0068 | H22: 25.2 | I22: =TRUNC(ROUND(G22*H22,2),2) -> 0.17
A23: 93282 | B23: SINAPI | C23: GUINCHO ELÉTRICO DE COLUNA, CAPACIDADE 400 KG, COM MOTO FREIO, MOTOR TRIFÁSICO DE 1,25 CV - CHI DIURNO | F23: CHI | G23: 0.0094 | H23: 24.27 | I23: =TRUNC(ROUND(G23*H23,2),2) -> 0.23
A24: TOTAL C | I24: =SUM(I22:I23) -> 0.4
A26: RESUMO
A27: TOTAL A | I27: =I12 -> 8.62
A28: TOTAL B | I28: =I18 -> 50.24
A29: TOTAL C | I29: =I24 -> 0.4
A30: PREÇO DE VENDA = TOTAL (A+B+C) | I30: =SUM(I27:I29) -> 59.26

Sheet COMP-03
A1: COMPOSIÇÃO ANALÍTICA DE PREÇO UNITÁRIO | I1: Data-base
I3: 44866
I4: COMP-03
A5: SERVIÇO: Calha Em Chapa de Aço Galvanizado Número 24, Desenvolvimento De 33 Cm Incluso Transporte Vertical | I5: UND: m
A7: REFERÊNCIA: SINAPI 94227
A8: MÃO-DE-OBRA
A9: CÓD. | B9: ORGÃO | C9: DESCRIÇÃO | F9: UND | G9: COEF | H9: R$ UNIT. | I9: R$ PARCIAL
A10: 010146 | B10: DER-ES | C10: SERVENTE (AUXILIAR DE OBRAS - SINDUSCON) (LABOR) | E10: Encargo: 157,27% | F10: h | G10: 0.282 | H10: 15.85 | I10: =TRUNC(ROUND(G10*H10,2),2) -> 4.47
A11: 010150 | B11: DER-ES | C11: TELHADISTA - (OFICIAL - SINDUSCON) (LABOR) | E11: Encargo: 157,27% | F11: h | G11: 0.188 | H11: 21.35 | I11: =TRUNC(ROUND(G11*H11,2),2) -> 4.01
A12: TOTAL A | I12: =I10+I11 -> 8.48
A14: MATERIAIS/ SERVIÇOS
A15: CÓD. | B15: ORGÃO | C15: DESCRIÇÃO | F15: UND | G15: COEF | H15: R$ UNIT. | I15: R$ PARCIAL
A16: 142 | B16: SINAPI | C16: SELANTE ELASTICO MONOCOMPONENTE A BASE DE POLIURETANO (PU) PARA JUNTAS DIVERSAS | F16: 310 ML | G16: 0.053 | H16: 31.41 | I16: =TRUNC(ROUND(G16*H16,2),2) -> 1.66
A17: 5061 | B17: SINAPI | C17: PREGO DE ACO POLIDO COM CABECA 18 X 27 (2 1/2 X 10) | F17: KG | G17: 0.008 | H17: 28.9 | I17: =TRUNC(ROUND(G17*H17,2),2) -> 0.23
A18: 5104 | B18: SINAPI | C18: REBITE DE ALUMINIO VAZADO DE REPUXO, 3,2 X 8 MM (1KG = 1025 UNIDADES) | F18: KG | G18: 0.0016 | H18: 67.02 | I18: =TRUNC(ROUND(G18*H18,2),2) -> 0.11
A19: 13388 | B19: SINAPI | C19: SOLDA EM BARRA DE ESTANHO-CHUMBO 50/50 | F19: KG | G19: 0.059 | H19: 131.39 | I19: =TRUNC(ROUND(G19*H19,2),2) -> 7.75
A20: 40782 | B20: SINAPI | C20: CALHA QUADRADA DE CHAPA DE ACO GALVANIZADA NUM 24, CORTE 33 CM | F20: M | G20: 1.05 | H20: 55.9 | I20: =TRUNC(ROUND(G20*H20,2),2) -> 58.7
A21: TOTAL B | I21: =SUM(I16:I20) -> 68.45
A23: EQUIPAMENTOS
C24: DESCRIÇÃO | F24: UND | G24: COEF | H24: R$ UNIT. | I24: R$ PARCIAL
A25: 93281 | B25: SINAPI | C25: GUINCHO ELÉTRICO DE COLUNA, CAPACIDADE 400 KG, COM MOTO FREIO, MOTOR TRIFÁSICO DE 1,25 CV - CHP DIURNO | F25: CHP | G25: 0.0132 | H25: 25.2 | I25: =TRUNC(ROUND(G25*H25,2),2) -> 0.33
A26: 93282 | B26: SINAPI | C26: GUINCHO ELÉTRICO DE COLUNA, CAPACIDADE 400 KG, COM MOTO FREIO, MOTOR TRIFÁSICO DE 1,25 CV - CHI DIURNO | F26: CHI | G26: 0.0183 | H26: 24.27 | I26: =TRUNC(ROUND(G26*H26,2),2) -> 0.44
A27: TOTAL C | I27: =SUM(I25:I26) -> 0.77
A29: RESUMO
A30: TOTAL A | I30: =I12 -> 8.48
A31: TOTAL B | I31: =I21 -> 68.45
A32: TOTAL C | I32: =I27 -> 0.77
A33: PREÇO DE VENDA = TOTAL (A+B+C) | I33: =SUM(I30:I32) -> 77.7

Sheet COMP-04
A1: COMPOSIÇÃO ANALÍTICA DE PREÇO UNITÁRIO | I1: Data-base
I3: 44866
I4: COMP-04
A5: SERVIÇO: Recolocação de vaso sanitário, inclusive fornecimento de acessórios (parafusos de fixação e anel de vedação), exclusive fornecimento do vaso e tampa | I5: UND: und
A7: REFERÊNCIA: DER-ES 170121
A8: MÃO-DE-OBRA
A9: CÓD. | B9: ORGÃO | C9: DESCRIÇÃO | F9: UND | G9: COEF | H9: R$ UNIT. | I9: R$ PARCIAL
A10: 010101 | B10: DER-ES | C10: AJUDANTE (AJUDANTE PRATICO - SINDUSCON) (LABOR) | E10: Encargo: 157,27% | F10: h | G10: 2.85 | H10: 18.01 | I10: =TRUNC(ROUND(G10*H10,2),2) -> 51.33
A11: 010118 | B11: DER-ES | C11: ENCANADOR - (OFICIAL - SINDUSCON) (LABOR) | E11: Encargo: 157,27% | F11: h | G11: 2.85 | H11: 21.35 | I11: =TRUNC(ROUND(G11*H11,2),2) -> 60.85
A12: TOTAL A | I12: =TRUNC(ROUND(I10+I11,2),2) -> 112.18
A14: MATERIAIS/ SERVIÇOS
A15: CÓD. | B15: ORGÃO | C15: DESCRIÇÃO | F15: UND | G15: COEF | H15: R$ UNIT. | I15: R$ PARCIAL
A16: 064709 | B16: DER-ES | C16: ANEL DE VEDAÇÃO AZUL PARA BACIA SANITARIA (LABOR) | F16: und | G16: 1 | H16: 17.86 | I16: =TRUNC(ROUND(G16*H16,2),2) -> 17.86
A17: 026549 | B17: DER-ES | C17: BUCHA PLASTICA 8MM (LABOR) | F17: und | G17: 2 | H17: 0.17 | I17: =TRUNC(ROUND(G17*H17,2),2) -> 0.34
A18: 026550 | B18: DER-ES | C18: PARAFUSO CROMADO P/FIXACAO SANITARIOS (LABOR) | F18: und | G18: 2 | H18: 13.85 | I18: =TRUNC(ROUND(G18*H18,2),2) -> 27.7
A19: TOTAL B | I19: =SUM(I16:I18) -> 45.9
A22: EQUIPAMENTOS
C23: DESCRIÇÃO | F23: UND | G23: COEF | H23: R$ UNIT. | I23: R$ PARCIAL
A25: TOTAL C | I25: =I24 -> 0
A27: RESUMO
A28: TOTAL A | I28: =I12 -> 112.18
A29: TOTAL B | I29: =I19 -> 45.9
A30: TOTAL C | I30: =I25 -> 0
A31: PREÇO DE VENDA = TOTAL (A+B+C) | I31: =SUM(I28:I30) -> 158.08

Sheet COMP-05
A1: COMPOSIÇÃO ANALÍTICA DE PREÇO UNITÁRIO | I1: Data-base
I3: 44866
I4: COMP-05
A5: SERVIÇO: Tomada dupla padrão brasileiro linha branca, NBR 14136 2 polos + terra 10A/250V, com placa 4x2" | I5: UND: und
A7: REFERÊNCIA: DER-ES 180201
A8: MÃO-DE-OBRA
A9: CÓD. | B9: ORGÃO | C9: DESCRIÇÃO | F9: UND | G9: COEF | H9: R$ UNIT. | I9: R$ PARCIAL
A10: 010101 | B10: DER-ES | C10: AJUDANTE (AJUDANTE PRATICO - SINDUSCON) (LABOR) | E10: Encargo: 157,27% | F10: h | G10: 0.26 | H10: 18.01 | I10: =TRUNC(ROUND(G10*H10,2),2) -> 4.68
A11: 010115 | B11: DER-ES | C11: ELETRICISTA (OFICIAL - SINDUSCON) (LABOR) | E11: Encargo: 157,27% | F11: h | G11: 0.26 | H11: 21.35 | I11: =TRUNC(ROUND(G11*H11,2),2) -> 5.55
A12: TOTAL A | I12: =TRUNC(ROUND(I10+I11,2),2) -> 10.23
A14: MATERIAIS/ SERVIÇOS
A15: CÓD. | B15: ORGÃO | C15: DESCRIÇÃO | F15: UND | G15: COEF | H15: R$ UNIT. | I15: R$ PARCIAL
A16: 045525 | B16: DER-ES | C16: ESPELHO 4X2", LINHA BRANCA (LABOR) | F16: und | G16: 1 | H16: 7.78 | I16: =TRUNC(ROUND(G16*H16,2),2) -> 7.78
A17: 045520 | B17: DER-ES | C17: TOMADA (MODULO) PAD BRAS 2 P+T 10A/250V NBR 14136 S/ ESPELH (LABOR) | F17: und | G17: 2 | H17: 19.81 | I17: =TRUNC(ROUND(G17*H17,2),2) -> 39.62
A19: TOTAL B | I19: =SUM(I16:I18) -> 47.4
A22: EQUIPAMENTOS
C23: DESCRIÇÃO | F23: UND | G23: COEF | H23: R$ UNIT. | I23: R$ PARCIAL
A25: TOTAL C | I25: =I24 -> 0
A27: RESUMO
A28: TOTAL A | I28: =I12 -> 10.23
A29: TOTAL B | I29: =I19 -> 47.4
A30: TOTAL C | I30: =I25 -> 0
A31: PREÇO DE VENDA = TOTAL (A+B+C) | I31: =SUM(I28:I30) -> 57.63

Sheet COMP-06
A1: COMPOSIÇÃO ANALÍTICA DE PREÇO UNITÁRIO | I1: Data-base
I3: 44866
I4: COMP-06
A5: SERVIÇO: Ventilador de parede, 60 cm, bivolt, 200 a 210 watts | I5: UND: und
A7: REFERÊNCIA: DER-ES 180702
A8: MÃO-DE-OBRA
A9: CÓD. | B9: ORGÃO | C9: DESCRIÇÃO | F9: UND | G9: COEF | H9: R$ UNIT. | I9: R$ PARCIAL
A10: 010101 | B10: DER-ES | C10: AJUDANTE (AJUDANTE PRATICO - SINDUSCON) (LABOR) | E10: Encargo: 157,27% | F10: h | G10: 1 | H10: 18.01 | I10: =TRUNC(ROUND(G10*H10,2),2) -> 18.01
A11: 010115 | B11: DER-ES | C11: ELETRICISTA (OFICIAL - SINDUSCON) (LABOR) | E11: Encargo: 157,27% | F11: h | G11: 1 | H11: 21.35 | I11: =TRUNC(ROUND(G11*H11,2),2) -> 21.35
A12: TOTAL A | I12: =TRUNC(ROUND(I10+I11,2),2) -> 39.36
A14: MATERIAIS/ SERVIÇOS
A15: CÓD. | B15: ORGÃO | C15: DESCRIÇÃO | F15: UND | G15: COEF | H15: R$ UNIT. | I15: R$ PARCIAL
A16: COTAÇÃO 01 | C16: Ventilador de parede, 60 cm, bivolt, 200 a 210 watts | F16: und | G16: 1 | H16: ='COTAÇÕES '!O7 -> 287.19667 | I16: =TRUNC(ROUND(G16*H16,2),2) -> 287.2
A18: TOTAL B | I18: =SUM(I16:I17) -> 287.2
A21: EQUIPAMENTOS
C22: DESCRIÇÃO | F22: UND | G22: COEF | H22: R$ UNIT. | I22: R$ PARCIAL
A24: TOTAL C | I24: =I23 -> 0
A26: RESUMO
A27: TOTAL A | I27: =I12 -> 39.36
A28: TOTAL B | I28: =I18 -> 287.2
A29: TOTAL C | I29: =I24 -> 0
A30: PREÇO DE VENDA = TOTAL (A+B+C) | I30: =SUM(I27:I29) -> 326.56

Sheet COMP-07
A1: COMPOSIÇÃO ANALÍTICA DE PREÇO UNITÁRIO | I1: Data-base
I3: 44866
I4: COMP-07
A5: SERVIÇO: Saboneteira plástica tipo dispenser para sabonete líquido com reservatório 800 a 1500 ml, incluso fixação | I5: UND: und
A7: REFERÊNCIA: SINAPI-ES 95547
A8: MÃO-DE-OBRA
A9: CÓD. | B9: ORGÃO | C9: DESCRIÇÃO | F9: UND | G9: COEF | H9: R$ UNIT. | I9: R$ PARCIAL
A10: 010118 | B10: DER-ES | C10: ENCANADOR - (OFICIAL - SINDUSCON) (LABOR) | E10: Encargo: 157,27% | F10: h | G10: 0.3162 | H10: 21.35 | I10: =TRUNC(ROUND(G10*H10,2),2) -> 6.75
A11: 010146 | B11: DER-ES | C11: SERVENTE (AUXILIAR DE OBRAS - SINDUSCON) (LABOR) | E11: Encargo: 157,27% | F11: h | G11: 0.0996 | H11: 15.85 | I11: =TRUNC(ROUND(G11*H11,2),2) -> 1.58
A12: TOTAL A | I12: =TRUNC(ROUND(I10+I11,2),2) -> 8.33
A14: MATERIAIS/ SERVIÇOS
A15: CÓD. | B15: ORGÃO | C15: DESCRIÇÃO | F15: UND | G15: COEF | H15: R$ UNIT. | I15: R$ PARCIAL
A16: 11758 | B16: SINAPI-ES | C16: SABONETEIRA PLASTICA TIPO DISPENSER PARA SABONETE LIQUIDO COM RESERVATORIO 800 A 1500 ML | F16: und | G16: 1 | H16: 70.31 | I16: =TRUNC(ROUND(G16*H16,2),2) -> 70.31
A18: TOTAL B | I18: =SUM(I16:I17) -> 70.31
A21: EQUIPAMENTOS
C22: DESCRIÇÃO | F22: UND | G22: COEF | H22: R$ UNIT. | I22: R$ PARCIAL
A24: TOTAL C | I24: =I23 -> 0
A26: RESUMO
A27: TOTAL A | I27: =I12 -> 8.33
A28: TOTAL B | I28: =I18 -> 70.31
A29: TOTAL C | I29: =I24 -> 0
A30: PREÇO DE VENDA = TOTAL (A+B+C) | I30: =SUM(I27:I29) -> 78.64

Sheet COMP-08
A1: COMPOSIÇÃO ANALÍTICA DE PREÇO UNITÁRIO | I1: Data-base
I3: 44866
I4: COMP-08
A5: SERVIÇO: Papeleira de parede em metal cromado sem tampa, incluso fixação | I5: UND: und
A7: REFERÊNCIA: SINAPI-ES 95544
A8: MÃO-DE-OBRA
A9: CÓD. | B9: ORGÃO | C9: DESCRIÇÃO | F9: UND | G9: COEF | H9: R$ UNIT. | I9: R$ PARCIAL
A10: 010118 | B10: DER-ES | C10: ENCANADOR - (OFICIAL - SINDUSCON) (LABOR) | E10: Encargo: 157,27% | F10: h | G10: 0.3162 | H10: 21.35 | I10: =TRUNC(ROUND(G10*H10,2),2) -> 6.75
A11: 010146 | B11: DER-ES | C11: SERVENTE (AUXILIAR DE OBRAS - SINDUSCON) (LABOR) | E11: Encargo: 157,27% | F11: h | G11: 0.0996 | H11: 15.85 | I11: =TRUNC(ROUND(G11*H11,2),2) -> 1.58
A12: TOTAL A | I12: =TRUNC(ROUND(I10+I11,2),2) -> 8.33
A14: MATERIAIS/ SERVIÇOS
A15: CÓD. | B15: ORGÃO | C15: DESCRIÇÃO | F15: UND | G15: COEF | H15: R$ UNIT. | I15: R$ PARCIAL
A16: 11703 | B16: SINAPI-ES | C16: PAPELEIRA DE PAREDE EM METAL CROMADO SEM TAMPA | F16: und | G16: 1 | H16: 30.16 | I16: =TRUNC(ROUND(G16*H16,2),2) -> 30.16
A18: TOTAL B | I18: =SUM(I16:I17) -> 30.16
A21: EQUIPAMENTOS
C22: DESCRIÇÃO | F22: UND | G22: COEF | H22: R$ UNIT. | I22: R$ PARCIAL
A24: TOTAL C | I24: =I23 -> 0
A26: RESUMO
A27: TOTAL A | I27: =I12 -> 8.33
A28: TOTAL B | I28: =I18 -> 30.16
A29: TOTAL C | I29: =I24 -> 0
A30: PREÇO DE VENDA = TOTAL (A+B+C) | I30: =SUM(I27:I29) -> 38.49

Sheet COMP-09
A1: COMPOSIÇÃO ANALÍTICA DE PREÇO UNITÁRIO | I1: Data-base
I3: 44866
I4: COMP-09
A5: SERVIÇO: Porta papel toalha plástica tipo dispenser, capacidade para aproximadamente 750 folhas, incluso fixação | I5: UND: und
A7: REFERÊNCIA: SINAPI-ES 95547
A8: MÃO-DE-OBRA
A9: CÓD. | B9: ORGÃO | C9: DESCRIÇÃO | F9: UND | G9: COEF | H9: R$ UNIT. | I9: R$ PARCIAL
A10: 010118 | B10: DER-ES | C10: ENCANADOR - (OFICIAL - SINDUSCON) (LABOR) | E10: Encargo: 157,27% | F10: h | G10: 0.3162 | H10: 21.35 | I10: =TRUNC(ROUND(G10*H10,2),2) -> 6.75
A11: 010146 | B11: DER-ES | C11: SERVENTE (AUXILIAR DE OBRAS - SINDUSCON) (LABOR) | E11: Encargo: 157,27% | F11: h | G11: 0.0996 | H11: 15.85 | I11: =TRUNC(ROUND(G11*H11,2),2) -> 1.58
A12: TOTAL A | I12: =TRUNC(ROUND(I10+I11,2),2) -> 8.33
A14: MATERIAIS/ SERVIÇOS
A15: CÓD. | B15: ORGÃO | C15: DESCRIÇÃO | F15: UND | G15: COEF | H15: R$ UNIT. | I15: R$ PARCIAL
A16: COTAÇÃO 02 | C16: Porta papel toalha plástica tipo dispenser, capacidade para aproximadamente 750 folha | F16: und | G16: 1 | H16: ='COTAÇÕES '!O8 -> 47.88 | I16: =TRUNC(ROUND(G16*H16,2),2) -> 47.88
A18: TOTAL B | I18: =SUM(I16:I17) -> 47.88
A21: EQUIPAMENTOS
C22: DESCRIÇÃO | F22: UND | G22: COEF | H22: R$ UNIT. | I22: R$ PARCIAL
A24: TOTAL C | I24: =I23 -> 0
A26: RESUMO
A27: TOTAL A | I27: =I12 -> 8.33
A28: TOTAL B | I28: =I18 -> 47.88
A29: TOTAL C | I29: =I24 -> 0
A30: PREÇO DE VENDA = TOTAL (A+B+C) | I30: =SUM(I27:I29) -> 56.21

Sheet COTAÇÕES 
B1: PREFEITURA MUNICIPAL DE JOÃO NEIVA
B2: COTAÇÕES
B3: OBRA: REFORMA DO CENTRO ASSOCIATIVO RENASCER NO MUNICÍPIO DE JOÃO NEIVA-ES
B4: LOCAL: JOÃO NEIVA-ES
A5: NÚMERO | B5: DESCRIÇÃO | C5: FORNECEDOR 1 | D5: CONTATO | E5: PREÇO | F5: DATA | G5: FORNECEDOR 2 | H5: CONTATO | I5: PREÇO | J5: DATA | K5: FORNECEDOR 3 | L5: CONTATO | M5: PREÇO | N5: DATA | O5: MÉDIA | P5: OBSERVAÇÕES
A7: 1 | B7: Ventilador de parede, 60 cm, Bivolt, 200W a 210W | C7: Amazon | D7: https://www.amazon.com.br/Ventilador-Oscilante-Parede-Premium-Ventisol/dp/B074FJR64H/ref=asc_df_B074FJR64H/?tag=googleshopp00-20&linkCode=df0&hvadid=379799985272&hvpos=&hvnetw=g&hvrand=10235103681093124624&hvpone=&hvptwo=&hvqmt=&hvdev=c&hvdvcmdl=&hvlocint=&hvlocphy=1031764&hvtargid=pla-812316002343&th=1 | E7: 243.1 | F7: 44986 | G7: Shoptime | H7: https://www.shoptime.com.br/produto/19669838?pfm_carac=Os%20itens%20mais%20queridos%20da%20categoria&pfm_index=1&pfm_page=product&pfm_pos=item_page.history&pfm_type=vit_recommendation&DCSext.recom=RR_item_page.history-mars_TopVisitsCategory:P:1:&nm_origem=rec_item_page.history-mars_TopVisitsCategory:P:1:&nm_ranking_rec=2 | I7: 291.49 | J7: 44986 | K7: Fanlux | L7: https://www.fanlux.com.br/ventiladores/ventiladores-de-parede/ventilador-de-parede-tex6-60cm-bivolt-210w-ventex?parceiro=3021&variant_id=4929 | M7: 327 | N7: 44986 | O7: =(E7+I7+M7)/3 -> 287.19667 | P7: Não foi considerado frete
A8: 2 | B8: Porta papel toalha plástica tipo dispenser, capacidade para aproximadamente 750 folhas | C8: Amazon | D8: https://www.amazon.com.br/Dispenser-Toalha-Interfolhas-dobras-PREMISSE/dp/B07CT1VX8W/ref=asc_df_B07CT1VX8W/?tag=googleshopp00-20&linkCode=df0&hvadid=379817839910&hvpos=&hvnetw=g&hvrand=13629527481564061716&hvpone=&hvptwo=&hvqmt=&hvdev=c&hvdvcmdl=&hvlocint=&hvlocphy=1031764&hvtargid=pla-865851585567&psc=1 | E8: 48.5 | F8: 44986 | G8: Kalunga | H8: https://www.kalunga.com.br/prod/dispenser-papel-toalha-interfolhado-branco-c19533-premisse-cx-1-un/324175?pcID=39&gclid=Cj0KCQjwqrb7BRDlARIsACwGad6HO2dT5IOnuzBk8d55FZvxHn7u8z-LvSHzV70iwJALgCLUeG6uVL4aAqcFEALw_wcB | I8: 46.2 | J8: 44986 | K8: Magalu | L8: https://www.magazineluiza.com.br/dispensador-papel-toalha-velox-branco-premisse/p/cb658h360a/pi/dept/?&seller_id=balaroti&utm_source=google&utm_medium=pla&utm_campaign=&partner_id=68055&gclid=CjwKCAiAr4GgBhBFEiwAgwORrQSL32zyiDCm8GlKfh1ppBXbW6OoF65mYV7FkxDqWfNrLa4haK4imxoCx28QAvD_BwE&gclsrc=aw.ds | M8: 48.94 | N8: 44986 | O8: =(E8+I8+M8)/3 -> 47.88 | P8: Não foi considerado frete
